 Dungeon Crawl Stone Soup version 0.24.0-125-gc4c63601f3 (webtiles) character file.

Game seed: 15498238084605885334, levelgen mode: deterministic

277 Acheron the Digger (level 6, -5/34 HPs)
             Began as a Gargoyle Earth Elementalist on Mar 8, 2020.
             Killed by divine providence
             ... invoked by an orc priest
              (15 damage)
             ... on level 5 of the Dungeon.
             The game lasted 00:23:02 (4811 turns).

Acheron the Digger (Gargoyle Earth Elementalist)    Turns: 4811, Time: 00:23:02

Health: -5/34      AC: 12    Str: 11    XL:     6   Next: 25%
Magic:  7/9        EV: 10    Int: 16    God:
Gold:   285        SH:  0    Dex: 12    Spells: 8/9 levels left

rFire    . . .     SeeInvis +   s - +0 falchion
rCold    . . .     Gourm    .   (no shield)
rNeg     + . .     Faith    .   e - +0 ring mail
rPois    ∞         Spirit   .   (no helmet)
rElec    +         Reflect  .   u - +1 cloak
rCorr    +         Harm     .   n - +0 pair of gloves
MR       .....                  (no boots)
Stlth    ++........             (no amulet)
HPRegen  0.11/turn              h - ring of resist corrosion
MPRegen  0.11/turn              t - ring of see invisible

@: no status effects
A: negative energy resistance 1, electricity resistance, unbreathing,
petrification resistance, rot immunity, AC +4
a: no special abilities


You were on level 5 of the Dungeon.
You were not hungry.

You visited 1 branch of the dungeon, and saw 5 of its levels.

You collected 285 gold pieces.

Inventory:

Hand Weapons
 a - a +0 rapier
 i - a +0 hand axe
 j - a +0 short sword
 l - a +0 spear
 s - a +0 falchion (weapon)
 x - a +0 flail
Missiles
 b - 73 stones
 o - 4 boomerangs (quivered)
 v - 18 sling bullets
Armour
 c - a +0 robe
 e - a +0 ring mail (worn)
 n - a +0 pair of gloves (worn)
 u - a +1 cloak (worn)
 y - a +0 scale mail
Magical Staves
 g - an uncursed staff of death
Jewellery
 h - a ring of resist corrosion (left hand)
 t - a ring of see invisible (right hand)
Scrolls
 k - 3 scrolls of remove curse
 p - a scroll of amnesia {unknown}
 r - a scroll of blinking {unknown}
Potions
 f - 4 potions of curing
 m - a potion of degeneration {unknown}
 q - a potion of flight {unknown}
Comestibles
 d - 5 rations
 w - a chunk of flesh


   Skills:
 * Level 1.5 Fighting
 * Level 2.5(2.6) Short Blades
 + Level 0.7(1.7) Long Blades
 * Level 1.3 Throwing
 * Level 1.6 Armour
 * Level 2.0 Dodging
 * Level 3.5 Stealth
 * Level 2.3 Spellcasting
   Level 0.7 Transmutations
 * Level 4.3 Earth Magic
 * Level 0.3 Evocations


You had 8 spell levels left.
You knew the following spells:

 Your Spells              Type           Power        Failure   Level  Hunger
a - Sandblast             Erth           ###...       8%          1    #......

Your spell library contained the following spells:

 Spells                   Type           Power        Failure   Level  Hunger
 Passwall                 Tmut/Erth      ##......     26%         2    ###....
 Stone Arrow              Conj/Erth      #.....       50%         3    ###....
 Petrify                  Tmut/Erth      ##......     86%         4    #####..
 Lee's Rapid Deconstruct  Erth           ###.......   91%         5    ######.


Dungeon Overview and Level Annotations

Branches:
Dungeon (5/15)
 Temple: D:4-7

Altars:
Ashenzari
Nemelex Xobeh
Qazlal

Annotations:
D:2 Robin
D:3 Terence
D:4 exclusion: 2 downstairs


Innate Abilities, Weirdness & Mutations

You are resistant to torment.
Your stone body is resilient. (AC +4)
You are immune to poison.
You resist negative energy. (rN+)
You are resistant to electric shocks. (rElec)
You can survive without breathing.
You are immune to petrification.
You are immune to rotting.


Message History

The killer bee closely misses you.
The killer bee stings you but does no damage.
You miss the killer bee.
The killer bee is almost dead.
The killer bee stings you but does no damage.
The killer bee stings you.
* * * LOW HITPOINT WARNING * * *
The killer bee stings you.
* * * LOW HITPOINT WARNING * * *
This staircase is marked as excluded!
Enter next level anyway?
The killer bee barely misses you.
The killer bee stings you but does no damage.
You climb downwards.
The gnoll hits you but does no damage. The gnoll barely misses you.
There is a stone staircase leading up here.
The killer bee stings you but does no damage.
The orc priest invokes the aid of Beogh against you.
Beogh smites you!
You die...

.......# ######
##.....################.)..#
.....................[÷.#.##
........#########....####.#
.....................####.#
........#########....##...#
........## #..(...(###
.........########....####
.....##...##....@..###
............g.gy.#...#
...#........g.<.%#÷..#
...#.......So.o..#...#
............#....#...#
#..........##........#
.....................#
........>....#..#...#
..##.......#....#...#


You could see a killer bee, 2 orc priests, 3 gnolls and an adder.

Vanquished Creatures
  A centaur skeleton (D:5)
  Jessica (D:3)
  An orc wizard (D:5)
  A worker ant (D:3)
  7 adders
  An ooze (D:2)
  2 worms (D:2)
  5 dart slugs
  A leopard gecko (D:3)
  10 orcs
  13 bats
  6 giant cockroaches
  8 goblins
  7 hobgoblins
  8 jackals
  A kobold (D:1)
  2 quokkas
  2 frilled lizards
  4 rats
81 creatures vanquished.

Notes
Turn   | Place    | Note
-------+----------+-------------------------------------------
     0 | D:1      | Acheron the Gargoyle Earth Elementalist began the quest for
                  | the Orb.
     0 | D:1      | Reached XP level 1. HP: 10/10 MP: 3/3
   396 | D:1      | Reached XP level 2. HP: 15/15 MP: 3/5
   525 | D:1      | Reached skill level 4 in Earth Magic
   602 | D:1      | Found a sparkling altar of Nemelex Xobeh.
   750 | D:1      | Reached XP level 3. HP: 17/20 MP: 6/6
  1113 | D:2      | Reached skill level 1 in Fighting
  1397 | D:2      | Found a stormy altar of Qazlal.
  1702 | D:2      | Reached skill level 1 in Short Blades
  1789 | D:1      | Reached XP level 4. HP: 18/25 MP: 7/7
  2030 | D:2      | Reached skill level 1 in Throwing
  2143 | D:3      | Noticed Terence
  2311 | D:2      | Noticed Robin
  2551 | D:3      | Noticed Jessica
  2557 | D:3      | Killed Jessica
  2557 | D:3      | Reached XP level 5. HP: 24/29 MP: 5/8
  2657 | D:3      | Found a shattered altar of Ashenzari.
  2877 | D:4      | Reached skill level 1 in Armour
  2905 | D:5      | Entered Level 5 of the Dungeon
  2954 | D:4      | Noticed a phantom
  3778 | D:5      | Noticed a centaur
  4081 | D:5      | HP: 1/29 [centaur (2)]
  4613 | D:5      | Reached XP level 6. HP: 33/34 MP: 9/9
  4811 | D:5      | Killed from afar by an orc priest

Levels and vault maps discovered:
D:1:      nzn_arrival_crosshair, layout_basic, supply_closet_lemuel,
          roderic_lattice_a, nemelex_diamond_rough_becter
D:2:      layout_basic, grunt_temple_overflow_gold_and_silver,
          lemuel_crystal_altar, chequers_ecumenical_altar_grove, uniq_robin
D:3:      layout_loops_corners, marbit_many_paths, uniq_terence, uniq_jessica
D:4:      minmay_opposing_rooms, layout_basic, gammafunk_temple_overflow_claw,
          nrook_loot_triangle
D:5:      layout_rooms, first_ration, nemelex_xobeh_ov_fountains_minmay

Skill      XL: |  1  2  3  4  5 |
---------------+----------------+-----
Earth Magic    | 4 |  4.3
Fighting       | 1 |  1.5
Short Blades   | 1 2 |  2.5
Throwing       | 1 |  1.3
Armour         | 1 |  1.6
Stealth        | 3 |  3.5
Dodging        | 2 |  2.0
Long Blades    | |  0.7
Spellcasting   | |  2.3
Transmutations | |  0.7
Evocations     | |  0.3

Action                   |  1- 3 |  4- 6 || total
-------------------------+-------+-------++-------
Melee: Club              |     5 |       ||     5
       Short sword       |   109 |   110 ||   219
       Dagger            |     4 |       ||     4
       Falchion          |       |   189 ||   189
 Cast: Sandblast         |    12 |    10 ||    22
  Use: Scroll            |     1 |     4 ||     5
       Potion            |       |     2 ||     2
 Stab: Sleeping          |       |     1 ||     1
  Eat: Chunk             |     3 |     7 ||    10
       Ration            |       |     1 ||     1
Armor: Robe              |     6 |       ||     6
       Ring mail         |    48 |   185 ||   233
Dodge: Dodged            |    75 |   206 ||   281
       Rpst.: Falchion   |       |    36 ||    36
